AoeStats
← [CL] Al3jandr0.magn00

Runestones

508033935Analyzed
1v1 RM · 10d ago on Sep 20, 2026· 38m 54s· 2 players
Game mode
Random Map
Map size
Tiny (2 player)
Population
200
Speed
Normal
Resources
Standard
Victory
Conquest
Starting age
Dark Age
Ending age
Imperial Age
RankedLock teamsTeams togetherTeam positionsShared explorationLock speedFull tech treeHidden civsTurbo modeCheats
Victory
Defeat
🇦🇷 Poles · Argentina
1869
+10
🇪🇸 Bulgarians · Spain
1728
-10
[CL] Al3jandr0.magn00
6:33 Loom
8:59 Feudal Age
9:43 Double-Bit Axe
20:42 Castle Age
19:28 Bloodlines
19:00 Horse Collar
19:10 Gold Mining
19:58 Fletching
21:43 Bodkin Arrow
22:42 Wheelbarrow
31:55 Hand Cart
34:20 Imperial Age
32:56 Husbandry
33:02 Scale Barding Armor
33:07 Forging
33:40 Szlachta Privileges
34:46 Chain Barding Armor
34:37 Cavalier
korn
8:02 Loom
10:07 Feudal Age
14:13 Castle Age
12:38 Double-Bit Axe
13:09 Horse Collar
22:22 Gold Mining
25:22 Scale Barding Armor
25:47 Bloodlines
26:07 Husbandry
27:19 Bow Saw
28:43 Chain Barding Armor
30:28 Ballistics
30:34 Forging
31:34 Iron Casting
32:04 Heavy Plow
32:23 Stone Mining
39:02 Fletching
Connection lost

Rejoining the realm…

Still unreachable

The connection could not be restored.

Session expired

The server has moved on; the page needs a fresh start.